[Event "Reykjavik Open 2025"]
[Site "Reykjavik"]
[Date "2025.04.10"]
[Round "2.18"]
[White "Kilic, Eray"]
[Black "Priansh Das"]
[Result "1-0"]
[Annotator "TA"]
[ECO "C02"]
[WhiteElo "2473"]
[BlackElo "2262"]
[PlyCount "65"]
[EventDate "2025.04.09"]
[EventType "swiss"]
[EventCountry "ISL"]
[SourceTitle "playchess.com"]
[Source "ChessBase"]
[SourceQuality "1"]
[TimeControl "40/5400+30:1800+30"]

1. e4 e6 2. d4 d5 3. e5 c5 4. c3 Nc6 5. Nf3 Bd7 6. Be2 Nge7 7. O-O cxd4 8. cxd4 Nf5 9. Nc3 Rc8 10. a3 a6 11. g4 {[%emt 0:02:22] C02: French: Advance Variation.} Nfe7 12. Be3 $146 (12. Bg5 h6 13. Be3 Na5 14. Nd2 h5 15. gxh5 Nf5 16. Bg4 g6 17. hxg6 fxg6 18. h3 Qb6 {½-½ Jones,G (2665)-Pert,N (2546) BCF-chT 2122 (4NCL) 2021 (11.31)}) 12... h5 13. h3 {[%emt 0:01:02] The position is equal.} hxg4 14. hxg4 f5 15. Bd3 $40 {[%emt 0:04:59][%mdl 128] White has some attack.} Ng6 16. gxf5 exf5 17. Re1 Be6 18. Ng5 Qd7 {[%emt 0:14:47] [#]} (18... Qe7 $1 $11 {keeps the balance.}) 19. Na4 $1 $16 Rd8 (19... Rh4 $16 20. Nb6 Qe7) 20. Qf3 $2 (20. Nb6 $18 Qe7 21. f4 Nxd4 22. Bxa6 (22. Bxd4 Nxf4 23. Nf3 g5 $15) 22... bxa6 23. Qxd4 (23. Bxd4 $2 Nxf4 24. Nf3 Qf7 $19)) 20... Nh4 $11 21. Qg3 {[%emt 0:00:13] White is more active.} Na5 ({Black should try} 21... f4 $1 $14 22. Qxf4 Be7 23. Nxe6 Qxe6) 22. Rac1 (22. Nb6 $6 Qc6 $14) 22... Nc4 {[%emt 0:03:35] Wards off Nb6} 23. b3 {[%emt 0:01:01] Repels b5} Nxe3 24. fxe3 {[%emt 0:00:11][%cal Ob3b4] And now b4! would win.} (24. Rxe3 $6 Bxa3 25. Nc5 Bxc5 26. Rxc5 Ng6 $14) 24... Qe7 {[%emt 0:11:04] [#]} (24... Bxa3 $16 25. Nc5 Bxc5 26. Rxc5 Qe7) 25. Kf2 $18 Rh5 26. Nxe6 Qxe6 27. Rh1 {[%emt 0:00:05] Inhibits g5.} Be7 (27... Qe7 {keeps fighting.} 28. Nc5 g5) 28. Rc7 g5 29. Be2 (29. Rxb7 g4 30. Rb6 Qf7 $18) 29... Rh8 30. Nc5 ({Don't do} 30. Rxb7 Qh6 31. Rb6 Qh7 $18) 30... Bxc5 (30... Qg6 $142 31. Nxb7 Rb8) 31. Qxg5 ({Less strong is} 31. Rxc5 Qg6 $16) (31. dxc5 Qg6 32. b4 (32. Rxb7 Qc6 $18) 32... d4 33. exd4 (33. Rxb7 Qc6 $16) 33... b6 $18) 31... Be7 32. Qg7 Rg8 33. Bh5+ {[%emt 0:02:24] Weighted Error Value: White=0.28 (precise) /Black=1.01  Loses game:     	---       	Black=1      Missed win:     	White=1     	---        Mistake:       	---       	Black=5      Inaccurate:     	White=3     	Black=4      OK:         	White=4     	Black=6      Best:        	White=2     	Black=1      Strong:       	White=1     	---} 1-0

[Event "Reykjavik Open 2025"]
[Site "Reykjavik"]
[Date "2025.04.10"]
[Round "2.19"]
[White "Sriansh Das"]
[Black "Royal, Shreyas"]
[Result "1/2-1/2"]
[Annotator "RC"]
[ECO "B90"]
[WhiteElo "2278"]
[BlackElo "2465"]
[PlyCount "51"]
[EventDate "2025.04.09"]
[EventType "swiss"]
[EventCountry "ISL"]
[SourceTitle "playchess.com"]
[Source "ChessBase"]
[SourceQuality "1"]
[TimeControl "40/5400+30:1800+30"]

1. e4 c5 2. Nf3 d6 3. d4 cxd4 4. Nxd4 Nf6 5. Nc3 a6 6. Be3 Ng4 7. Bc1 Nf6 8. Be3 Ng4 9. Bc1 Nc6 10. Be2 Qb6 11. Bxg4 Qxd4 12. Qxd4 Nxd4 13. Bd1 e6 14. Be3 Nc6 15. Na4 Be7 16. Nb6 Rb8 17. c3 O-O 18. O-O Rd8 19. Be2 Bd7 20. Rfd1 Be8 21. Rd2 Ne5 22. Rad1 Bc6 23. f3 g5 24. c4 a5 25. b3 g4 26. f4 1/2-1/2

[Event "Reykjavik Open 2025"]
[Site "Reykjavik"]
[Date "2025.04.10"]
[Round "2.20"]
[White "Hjartarson, Johann"]
[Black "Unzicker, Ferdinand"]
[Result "1-0"]
[Annotator "RC"]
[ECO "B67"]
[WhiteElo "2461"]
[BlackElo "2241"]
[PlyCount "87"]
[EventDate "2025.04.09"]
[EventType "swiss"]
[EventCountry "ISL"]
[SourceTitle "playchess.com"]
[Source "ChessBase"]
[SourceQuality "1"]
[TimeControl "40/5400+30:1800+30"]

1. e4 c5 2. Nf3 d6 3. d4 cxd4 4. Nxd4 Nf6 5. Nc3 Nc6 6. Bg5 e6 7. Qd2 a6 8. O-O-O Bd7 9. f3 Be7 10. h4 h6 11. Be3 h5 12. Bg5 Qc7 13. Kb1 b5 14. Nxc6 Bxc6 15. Ne2 Qb7 16. Nd4 Bd7 17. Bd3 Rc8 18. Rhe1 g6 19. e5 dxe5 20. Rxe5 Qb6 21. Qf4 Ng8 22. Rde1 Rc5 23. Bxe7 Nxe7 24. Qf6 Rg8 25. Rxc5 Qxc5 26. g4 hxg4 27. fxg4 Nd5 28. Qe5 Ke7 29. h5 gxh5 30. gxh5 Rg1 31. Nf3 Rxe1+ 32. Qxe1 Nf6 33. Ne5 Nxh5 34. Qh4+ f6 35. Ng6+ Kd6 36. a3 Qg1+ 37. Ka2 Qg5 38. Qh2+ Ng3 39. Qf2 Qd5+ 40. b3 Nf5 41. Qb6+ Bc6 42. Qd8+ Kc5 43. Qxf6 a5 44. Nf4 1-0

[Event "Reykjavik Open 2025"]
[Site "Reykjavik"]
[Date "2025.04.10"]
[Round "2.21"]
[White "Wan, Joseph"]
[Black "Garifullina, Leya"]
[Result "0-1"]
[Annotator "RC"]
[ECO "B51"]
[WhiteElo "2242"]
[BlackElo "2459"]
[PlyCount "104"]
[EventDate "2025.04.09"]
[EventType "swiss"]
[EventCountry "ISL"]
[SourceTitle "playchess.com"]
[Source "ChessBase"]
[SourceQuality "1"]
[TimeControl "40/5400+30:1800+30"]

1. e4 c5 2. Nf3 d6 3. Bb5+ Nd7 4. O-O a6 5. Bd3 Ngf6 6. Re1 e6 7. c3 b5 8. Bc2 Bb7 9. a4 Be7 10. d4 Qc7 11. Nbd2 O-O 12. e5 dxe5 13. dxe5 Nd5 14. Ne4 Rfd8 15. Ng3 N5b6 16. Qe2 Bxf3 17. gxf3 c4 18. Qe4 g6 19. Be3 Nc5 20. Bxc5 Qxc5 21. axb5 axb5 22. Rxa8 Nxa8 23. h4 Qd5 24. Rd1 Qxe4 25. Rxd8+ Bxd8 26. Nxe4 Bxh4 27. Nd6 Bg5 28. Nxb5 Bc1 29. Nd6 Bxb2 30. Nxc4 Bxc3 31. f4 Nc7 32. Kg2 Nd5 33. Kf3 Bd4 34. Kg3 Bc5 35. Nb2 Kg7 36. Ba4 Nc3 37. Be8 Kf8 38. Bc6 Ne2+ 39. Kg2 Nxf4+ 40. Kf3 g5 41. Kg4 h6 42. f3 Bd4 43. Nc4 Ng6 44. Be4 Nxe5+ 45. Nxe5 Bxe5 46. Kh5 Kg7 47. Bc6 Bf4 48. Bb7 f5 49. Bc8 Kf6 50. Bb7 e5 51. Bc6 Ke6 52. Bb7 Kd6 0-1

[Event "Reykjavik Open 2025"]
[Site "Reykjavik"]
[Date "2025.04.10"]
[Round "2.22"]
[White "Borne, Felix"]
[Black "Kjartansson, Gudmundur"]
[Result "1-0"]
[Annotator "RC"]
[ECO "A07"]
[WhiteElo "2225"]
[BlackElo "2450"]
[PlyCount "122"]
[EventDate "2025.04.09"]
[EventType "swiss"]
[EventCountry "ISL"]
[SourceTitle "playchess.com"]
[Source "ChessBase"]
[SourceQuality "1"]
[TimeControl "40/5400+30:1800+30"]

1. Nf3 d5 2. g3 g6 3. Bg2 Bg7 4. O-O e5 5. d3 Ne7 6. c4 c6 7. e4 O-O 8. b4 dxe4 9. dxe4 Qxd1 10. Rxd1 Be6 11. Na3 Na6 12. Ng5 Bg4 13. f3 Bc8 14. b5 Nc5 15. Be3 Na4 16. Rac1 h6 17. Nh3 Be6 18. Nf2 Rfc8 19. Nd3 f6 20. Nc5 Nxc5 21. Bxc5 Bf8 22. f4 Bg4 23. Rf1 cxb5 24. cxb5 Rxc5 25. Rxc5 Nf5 26. Rc7 Ne3 27. Nc4 Nxf1 28. Bxf1 exf4 29. gxf4 Rc8 30. Rxc8 Bxc8 31. Kg2 Bc5 32. Bd3 Kf7 33. Kf3 h5 34. Ne3 Bd4 35. Bc4+ Ke7 36. h4 Bd7 37. a4 b6 38. Bd5 Be8 39. Nc4 Bd7 40. Ne3 Bh3 41. Bc4 Bc8 42. Nd5+ Kd6 43. Ne3 Bb7 44. Bd5 Bxd5 45. Nxd5 f5 46. Ne3 fxe4+ 47. Kxe4 Bf6 48. Nc4+ Kc5 49. Ne5 Bxh4 50. Nxg6 Bf6 51. Ne5 Bg7 52. f5 h4 53. Nd7+ Kb4 54. Nb8 Kxa4 55. Nc6 Kxb5 56. Nxa7+ Kc5 57. Kf4 Bf6 58. Kg4 Kd5 59. Kh3 Ke4 60. Kg4 Kd5 61. Kh3 Bg5 1-0

[Event "Reykjavik Open 2025"]
[Site "Reykjavik"]
[Date "2025.04.10"]
[Round "2.23"]
[White "Licznerski, Lukasz"]
[Black "Fodor, Balazs"]
[Result "1-0"]
[Annotator "RC"]
[ECO "B20"]
[WhiteElo "2436"]
[BlackElo "2206"]
[PlyCount "119"]
[EventDate "2025.04.09"]
[EventType "swiss"]
[EventCountry "ISL"]
[SourceTitle "playchess.com"]
[Source "ChessBase"]
[SourceQuality "1"]
[TimeControl "40/5400+30:1800+30"]

1. e4 c5 2. Ne2 d6 3. g3 Nf6 4. Bg2 Nc6 5. O-O g6 6. c3 Bg7 7. d4 cxd4 8. cxd4 O-O 9. Nbc3 e5 10. d5 Nb8 11. h3 Nbd7 12. Be3 Ne8 13. Qd2 b6 14. b4 Bb7 15. Rac1 a6 16. Na4 b5 17. Nb2 f5 18. f4 fxe4 19. Bxe4 Rc8 20. Bg2 Rxc1 21. Rxc1 Qa8 22. Nd1 Nef6 23. Ndc3 Rc8 24. Rf1 Re8 25. f5 gxf5 26. Rxf5 Rf8 27. g4 Qc8 28. Bh6 Rf7 29. Bxg7 Rxg7 30. Ng3 Qc4 31. Rg5 Qd4+ 32. Qxd4 exd4 33. Rxg7+ Kxg7 34. Nf5+ Kf8 35. Nxd4 Nb6 36. Ne6+ Ke7 37. Nf4 h6 38. Kf2 Nc4 39. Ke2 Nd7 40. Kd3 Nde5+ 41. Kd4 Bc8 42. Nce2 Kf6 43. Ng3 Bd7 44. Ne6 Bxe6 45. dxe6 Kxe6 46. Nf5 a5 47. Bd5+ Kd7 48. bxa5 Nxa5 49. Nxh6 Nac6+ 50. Ke4 Ne7 51. Bb3 N7g6 52. Nf5 Kc6 53. Nd4+ Kc5 54. Ne6+ Kc6 55. Kf5 Nh4+ 56. Kg5 Nef3+ 57. Kh5 d5 58. g5 Kd6 59. Nf4 d4 60. g6 1-0

[Event "Reykjavik Open 2025"]
[Site "Reykjavik"]
[Date "2025.04.10"]
[Round "2.24"]
[White "Garbuz, Vitaliy"]
[Black "Prraneeth Vuppala"]
[Result "0-1"]
[Annotator "RC"]
[ECO "C02"]
[WhiteElo "2203"]
[BlackElo "2433"]
[PlyCount "62"]
[EventDate "2025.04.09"]
[EventType "swiss"]
[EventCountry "ISL"]
[SourceTitle "playchess.com"]
[Source "ChessBase"]
[SourceQuality "1"]
[TimeControl "40/5400+30:1800+30"]

1. e4 c5 2. c3 e6 3. Nf3 d5 4. e5 Nc6 5. d4 Bd7 6. Be2 Nge7 7. dxc5 Ng6 8. Be3 Ngxe5 9. Nxe5 Nxe5 10. Nd2 Be7 11. f4 Ng6 12. O-O Qc7 13. b4 Bf6 14. Rc1 O-O 15. g3 a5 16. a3 axb4 17. axb4 e5 18. fxe5 Bxe5 19. Nf3 Bxg3 20. hxg3 Qxg3+ 21. Kh1 Qh3+ 22. Kg1 Rfe8 23. Kf2 Nh4 24. Rg1 Nxf3 25. Bxf3 Qh4+ 26. Ke2 Rxe3+ 27. Kxe3 Re8+ 28. Kd2 Qf4+ 29. Kc2 Ba4+ 30. Kb2 Bxd1 31. Bxd1 d4 0-1

[Event "Reykjavik Open 2025"]
[Site "Reykjavik"]
[Date "2025.04.10"]
[Round "2.25"]
[White "Kracht, Raphael"]
[Black "Lu, Miaoyi"]
[Result "0-1"]
[Annotator "RC"]
[ECO "C54"]
[WhiteElo "2196"]
[BlackElo "2429"]
[PlyCount "114"]
[EventDate "2025.04.09"]
[EventType "swiss"]
[EventCountry "ISL"]
[SourceTitle "playchess.com"]
[Source "ChessBase"]
[SourceQuality "1"]
[TimeControl "40/5400+30:1800+30"]

1. e4 e5 2. Nf3 Nc6 3. Bc4 Nf6 4. d3 Bc5 5. c3 d6 6. O-O O-O 7. Re1 a5 8. h3 Be6 9. Bb5 Ba7 10. d4 Bd7 11. Na3 Re8 12. dxe5 Nxe5 13. Bg5 c6 14. Bf1 h6 15. Be3 Nxf3+ 16. Qxf3 Rxe4 17. Bxa7 Rxe1 18. Rxe1 Rxa7 19. Nc4 Be6 20. Ne3 a4 21. a3 Ra5 22. Rd1 d5 23. Qg3 Ra8 24. Bd3 Qb8 25. Qh4 Qe5 26. Qb4 Qc7 27. Bc2 b5 28. Qc5 Re8 29. Bd3 Nd7 30. Qd4 Ne5 31. Be2 Nc4 32. Nxc4 bxc4 33. Rd2 c5 34. Qh4 Qe5 35. Qg3 Qe4 36. Qe3 Qb1+ 37. Kh2 Qc1 38. Bxc4 Bd7 39. Qd3 Bf5 40. Qxf5 Qxd2 41. Bxd5 Rf8 42. Bc4 Qd6+ 43. g3 g6 44. Qf3 Kg7 45. Kg2 Qc7 46. Bb5 Rb8 47. Bxa4 Rxb2 48. c4 Qe5 49. Bc6 Qf6 50. a4 Rc2 51. Bb5 Qe5 52. h4 Qe1 53. h5 Rc1 54. Kh3 Rc3 55. Qg2 Rc2 56. hxg6 Rxf2 57. Qb7 Qe6+ 0-1

[Event "Reykjavik Open 2025"]
[Site "Reykjavik"]
[Date "2025.04.10"]
[Round "2.26"]
[White "Yankelevich, Lev"]
[Black "Mannion, Stephen R"]
[Result "1-0"]
[Annotator "RC"]
[ECO "C96"]
[WhiteElo "2413"]
[BlackElo "2180"]
[PlyCount "99"]
[EventDate "2025.04.09"]
[EventType "swiss"]
[EventCountry "ISL"]
[SourceTitle "playchess.com"]
[Source "ChessBase"]
[SourceQuality "1"]
[TimeControl "40/5400+30:1800+30"]

1. e4 e5 2. Nf3 Nc6 3. Bb5 a6 4. Ba4 Nf6 5. O-O Be7 6. Re1 b5 7. Bb3 d6 8. c3 O-O 9. h3 Na5 10. Bc2 c5 11. d4 Nd7 12. Nbd2 exd4 13. cxd4 Nc6 14. d5 Nce5 15. a4 Rb8 16. Nxe5 Nxe5 17. axb5 axb5 18. f4 Ng6 19. Nf3 Bh4 20. Rf1 Bg3 21. f5 Ne5 22. Ng5 h6 23. f6 gxf6 24. Nf3 Kg7 25. b4 Qe7 26. Ra3 Nc4 27. Rb3 Bd7 28. Nd4 Be5 29. Nc6 Bxc6 30. Qg4+ Kh7 31. Bxh6 Rg8 32. Qh5 Rg7 33. Rf4 Bd4+ 34. Kh1 Ne5 35. Bg5+ Kg8 36. Bxf6 Qa7 37. Bxg7 Kxg7 38. dxc6 Ng6 39. Rf1 Be5 40. Qf5 c4 41. Rbf3 Rf8 42. h4 f6 43. Qg4 Kf7 44. Rf5 Rh8 45. Rh5 Rxh5 46. Qxh5 Kg7 47. Qg4 Kf7 48. h5 Nf8 49. Qc8 Ne6 50. h6 1-0

[Event "Reykjavik Open 2025"]
[Site "Reykjavik"]
[Date "2025.04.10"]
[Round "2.27"]
[White "Shafer, Logan C"]
[Black "Fantinel, Thibault"]
[Result "1/2-1/2"]
[Annotator "RC"]
[ECO "B22"]
[WhiteElo "2193"]
[BlackElo "2411"]
[PlyCount "126"]
[EventDate "2025.04.09"]
[EventType "swiss"]
[EventCountry "ISL"]
[SourceTitle "playchess.com"]
[Source "ChessBase"]
[SourceQuality "1"]
[TimeControl "40/5400+30:1800+30"]

1. e4 c5 2. Nf3 e6 3. c3 Nf6 4. e5 Nd5 5. d4 cxd4 6. cxd4 b6 7. Nc3 Nxc3 8. bxc3 Bb7 9. Bd3 d6 10. O-O Nd7 11. Qe2 Qc7 12. Bf4 Be7 13. Rac1 O-O 14. Rfe1 Bxf3 15. Qxf3 dxe5 16. Bxe5 Nxe5 17. Rxe5 g6 18. Ree1 Rad8 19. g3 Rd5 20. Rc2 Rfd8 21. Qe2 Bf8 22. Be4 Ra5 23. Rd1 Bg7 24. h4 Ra3 25. Rd3 Bf8 26. h5 Qc4 27. Qd2 Ra5 28. hxg6 hxg6 29. Rf3 Rh5 30. Qd3 Qxd3 31. Rxd3 Ra5 32. d5 e5 33. g4 Rd6 34. c4 Rf6 35. g5 Rf4 36. f3 Bd6 37. Rdd2 Rh4 38. Rh2 Rxh2 39. Kxh2 Kf8 40. Kg3 Ke7 41. Kg4 Ra3 42. Re2 Rc3 43. Rc2 Re3 44. Rg2 Re1 45. Kg3 Bc5 46. Rh2 Be3 47. Rh7 Rg1+ 48. Kh2 Rxg5 49. d6+ Kxd6 50. Rxf7 Bf4+ 51. Kh1 a5 52. Rf6+ Kc5 53. Rc6+ Kd4 54. Rxb6 Rh5+ 55. Kg1 Rh2 56. a4 Ra2 57. Rd6+ Kc5 58. Rd5+ Kxc4 59. Rxa5 Kb4 60. Ra6 Ra1+ 61. Kg2 Ra2+ 62. Kg1 Ra1+ 63. Kg2 Ra2+ 1/2-1/2

[Event "Reykjavik Open 2025"]
[Site "Reykjavik"]
[Date "2025.04.10"]
[Round "2.28"]
[White "Joel Paul Ganta"]
[Black "Thorhallsson, Throstur"]
[Result "1/2-1/2"]
[Annotator "RC"]
[ECO "D36"]
[WhiteElo "2170"]
[BlackElo "2394"]
[PlyCount "68"]
[EventDate "2025.04.09"]
[EventType "swiss"]
[EventCountry "ISL"]
[SourceTitle "playchess.com"]
[Source "ChessBase"]
[SourceQuality "1"]
[TimeControl "40/5400+30:1800+30"]

1. d4 d5 2. c4 e6 3. Nc3 Nf6 4. cxd5 exd5 5. Bg5 c6 6. e3 Be7 7. Qc2 Nbd7 8. Bd3 Nh5 9. Bxe7 Qxe7 10. O-O-O Nb6 11. Kb1 Nf6 12. Nf3 Bg4 13. Rc1 Bxf3 14. gxf3 g6 15. Ka1 Nh5 16. f4 Nf6 17. h4 Nc8 18. h5 Nxh5 19. f5 Nd6 20. e4 dxe4 21. Nxe4 O-O-O 22. Rhe1 Nxe4 23. Bxe4 Qd6 24. d5 c5 25. Qxc5+ Qxc5 26. Rxc5+ Kd7 27. d6 Kxd6 28. b4 Rd7 29. Rd1+ Ke7 30. Rxd7+ Kxd7 31. Bxb7 Rb8 32. Bc6+ Kd6 33. fxg6 hxg6 34. Rc4 Nf6 1/2-1/2

[Event "Reykjavik Open 2025"]
[Site "Reykjavik"]
[Date "2025.04.10"]
[Round "2.29"]
[White "Kirk, Ezra"]
[Black "Harish, Neeraj"]
[Result "1-0"]
[Annotator "RC"]
[ECO "A13"]
[WhiteElo "2394"]
[BlackElo "2169"]
[PlyCount "90"]
[EventDate "2025.04.09"]
[EventType "swiss"]
[EventCountry "ISL"]
[SourceTitle "playchess.com"]
[Source "ChessBase"]
[SourceQuality "1"]
[TimeControl "40/5400+30:1800+30"]

1. Nf3 d5 2. c4 e6 3. g3 d4 4. Bg2 Nc6 5. O-O Bc5 6. e3 a5 7. exd4 Nxd4 8. Nxd4 Bxd4 9. Nc3 Ne7 10. Ne2 Bf6 11. Qa4+ Bd7 12. Qb3 a4 13. Qxb7 Rb8 14. Qa7 O-O 15. Qc5 Nf5 16. d4 Be7 17. Qa5 c5 18. Qxd8 Rfxd8 19. dxc5 Rdc8 20. Rd1 Bc6 21. Bxc6 Rxc6 22. b3 Bxc5 23. Bf4 Ra8 24. Rab1 axb3 25. axb3 Rb6 26. Nc3 Bb4 27. Nb5 h5 28. Ra1 Rba6 29. Rxa6 Rxa6 30. Bd2 Be7 31. Bc3 Ra8 32. Kg2 Kh7 33. Rd7 Kg6 34. b4 Bf6 35. Bxf6 Kxf6 36. Na7 e5 37. c5 Ke6 38. c6 e4 39. Nb5 Rc8 40. Nc7+ Ke5 41. b5 Nd4 42. Rd5+ Kf6 43. Rxd4 Rxc7 44. Rc4 Ke6 45. b6 Kd5 1-0

[Event "Reykjavik Open 2025"]
[Site "Reykjavik"]
[Date "2025.04.10"]
[Round "2.30"]
[White "Cramling Bellon, Anna"]
[Black "Arnalds, Stefan"]
[Result "1-0"]
[Annotator "NA"]
[ECO "E08"]
[WhiteElo "2046"]
[BlackElo "1850"]
[PlyCount "114"]
[EventDate "2025.04.09"]
[EventType "swiss"]
[EventCountry "ISL"]
[SourceTitle "playchess.com"]
[Source "ChessBase"]
[SourceQuality "1"]
[TimeControl "40/5400+30:1800+30"]

1. d4 Nf6 2. c4 e6 3. Nf3 d5 4. Nc3 Be7 5. g3 O-O 6. Bg2 c6 7. O-O Nbd7 8. b3 b6 9. Bb2 Bb7 10. Qc2 Rc8 11. Rad1 Qc7 12. e4 Nxe4 13. Nxe4 dxe4 14. Qxe4 Nf6 15. Qe2 Rfd8 16. Nd2 c5 17. Bxb7 Qxb7 18. dxc5 Rxc5 19. Bxf6 Bxf6 20. Ne4 Rcc8 21. Nd6 Qc6 22. Nxc8 Qxc8 23. Rxd8+ Qxd8 24. Rd1 Qe7 25. Qd3 h5 26. Qd6 Qb7 27. Qf4 h4 28. gxh4 Qa6 29. a4 Qa5 30. Qg4 Qc3 31. Qg3 Qc2 32. Qd3 Qb2 33. h5 Qe5 34. Qf3 Qg5+ 35. Kh1 Be5 36. Rd7 Qc1+ 37. Qd1 Qf4 38. Rd8+ Kh7 39. Qd3+ f5 40. Kg2 Qxh2+ 41. Kf1 Qxh5 42. Qe3 Bf6 43. Rd3 e5 44. Qf3 Qg5 45. Qh1+ Kg8 46. Qa8+ Kf7 47. Qd5+ Kf8 48. Qd6+ Kf7 49. Qc7+ Kf8 50. Qb8+ Kf7 51. Qxa7+ Be7 52. Qxb6 f4 53. Qc6 Qf5 54. Qd7 Qh5 55. Qd5+ Kf6 56. a5 Qf5 57. a6 Bd6 1-0

[Event "Reykjavik Open 2025"]
[Site "Reykjavik"]
[Date "2025.04.10"]
[Round "2.31"]
[White "Williams, Simon K"]
[Black "Dauth, Benjamin"]
[Result "1-0"]
[Annotator "RC"]
[ECO "B08"]
[WhiteElo "2451"]
[BlackElo "2228"]
[PlyCount "45"]
[EventDate "2025.04.09"]
[EventType "swiss"]
[EventCountry "ISL"]
[SourceTitle "playchess.com"]
[Source "ChessBase"]
[SourceQuality "1"]
[TimeControl "40/5400+30:1800+30"]

1. d4 Nf6 2. Nf3 g6 3. Nc3 Bg7 4. e4 d6 5. Bf4 O-O 6. Qd2 c6 7. Bh6 Nbd7 8. O-O-O b5 9. Bxg7 Kxg7 10. e5 Ne8 11. h4 h5 12. g4 hxg4 13. h5 Rh8 14. Bd3 Nc7 15. hxg6 f6 16. exd6 exd6 17. Ne4 Nb6 18. Ng3 Nc4 19. Qe2 gxf3 20. Qxf3 Nd5 21. Rxh8 Qxh8 22. Rh1 Qg8 23. Nh5+ 1-0

[Event "Reykjavik Open 2025"]
[Site "Reykjavik"]
[Date "2025.04.10"]
[Round "2.32"]
[White "Kavutskiy, Kostya"]
[Black "Lu, Shanglei"]
[Result "0-1"]
[Annotator "TA"]
[ECO "B88"]
[WhiteElo "2351"]
[BlackElo "2618"]
[PlyCount "66"]
[EventDate "2025.04.09"]
[EventType "swiss"]
[EventCountry "ISL"]
[SourceTitle "playchess.com"]
[Source "ChessBase"]
[SourceQuality "1"]
[TimeControl "40/5400+30:1800+30"]

1. e4 c5 2. Nf3 d6 3. d4 cxd4 4. Nxd4 Nf6 5. Nc3 a6 6. Bc4 e6 7. Be3 Nc6 8. Bb3 Na5 9. f4 Qc7 10. Qf3 b5 {[%emt 0:02:32] Against Ba4. B88: Sicilian: Sozin Attack.} 11. a3 Bb7 12. g4 d5 $146 {[%emt 0:12:39] Black is slightly better.} (12... Nxb3 13. Nxb3 d5 14. Rg1 Nxe4 15. Nxe4 dxe4 16. Qf2 Rc8 17. O-O-O Bd5 18. Kb1 Be7 {0-1 Abdulla,K (2029)-Tsatsalashvili,K (2271) EU-ch U16 Girls 18th 2008 (8)}) 13. e5 Nd7 14. Rd1 {[%emt 0:04:47] [#]} ({White should play} 14. g5 $15) 14... Bxa3 (14... Nc4 $142 $1 15. Bc1 O-O-O) 15. Nxd5 {[%emt 0:26:43] [#]} (15. Ncxb5 $17 Bb4+ 16. Nc3 (16. c3 axb5 17. cxb4 Nxb3 $17)) 15... Bb4+ $1 $19 16. c3 (16. Nxb4 $2 Bxf3 17. Nxf3 Nxb3 18. cxb3 Qa5 $19) 16... exd5 17. Bxd5 Bxd5 18. Qxd5 Nb6 19. Nxb5 Nxd5 ({And not} 19... axb5 20. Bxb6 (20. Qxb5+ Qc6 $17) 20... Bxc3+ 21. bxc3 Qxc3+ 22. Kf2 $15) ({Weaker is} 19... Bxc3+ 20. bxc3 Nxd5 (20... axb5 21. Bxb6 Qxc3+ 22. Kf2 $11) 21. Nxc7+ Nxc7 22. Bb6 $11) 20. Nxc7+ Nxc7 21. cxb4 Nc4 22. Bc5 Nxb2 23. Rd2 Nc4 24. Rc2 Na3 25. Ra2 Nab5 26. O-O O-O-O 27. f5 Rhe8 28. e6 fxe6 29. f6 gxf6 30. Rxf6 Nc3 31. Rc2 Ne4 32. Rf7 Nxc5 33. Rxc5 Rd7 {[%emt 0:00:03] White got outplayed after the opening.   Weighted Error Value: White=0.32/Black=0.03 (flawless)   Mistake:       	White=2     	Black=1      Inaccurate:     	White=2     	---        OK:         	White=6     	Black=15     Best:        	White=1     	---        Strong:       	---       	Black=1} 0-1

[Event "Reykjavik Open 2025"]
[Site "Reykjavik"]
[Date "2025.04.10"]
[Round "2.33"]
[White "Niermann, Tristan"]
[Black "Petersen, Marcel"]
[Result "0-1"]
[Annotator "RC"]
[ECO "A13"]
[WhiteElo "2427"]
[BlackElo "2185"]
[PlyCount "104"]
[EventDate "2025.04.09"]
[EventType "swiss"]
[EventCountry "ISL"]
[SourceTitle "playchess.com"]
[Source "ChessBase"]
[SourceQuality "1"]
[TimeControl "40/5400+30:1800+30"]

1. c4 e6 2. g3 d5 3. Bg2 d4 4. Nf3 c5 5. e3 Nc6 6. d3 Nf6 7. exd4 cxd4 8. O-O Bd6 9. Bg5 h6 10. Bxf6 Qxf6 11. Nbd2 Qe7 12. Re1 O-O 13. Nb3 Qd8 14. Nbxd4 Nxd4 15. Nxd4 Bxg3 16. hxg3 Qxd4 17. b3 Rd8 18. Qh5 Rb8 19. Rad1 Bd7 20. Re4 Qb2 21. Rde1 Be8 22. Qa5 Rxd3 23. Qxa7 Rbd8 24. R4e2 Rd2 25. Rxd2 Qxd2 26. Qe3 Qxe3 27. fxe3 b6 28. Kf2 Rd2+ 29. Re2 Rd1 30. Rc2 Kf8 31. Ke2 Rg1 32. Kf2 Ra1 33. Rd2 Ke7 34. Bf3 f6 35. Bd1 Bg6 36. g4 Be4 37. Kg3 f5 38. Kf4 Kf6 39. gxf5 Bxf5 40. e4 g5+ 41. Ke3 Bg6 42. Kd4 h5 43. e5+ Ke7 44. Bf3 g4 45. Bc6 Re1 46. b4 g3 47. b5 h4 48. a4 h3 49. a5 Be4 50. Kc3 g2 51. Rd7+ Kf8 52. axb6 g1=Q 0-1

[Event "Reykjavik Open 2025"]
[Site "Reykjavik"]
[Date "2025.04.10"]
[Round "2.34"]
[White "Chaney, Ari"]
[Black "Saine, Zachary"]
[Result "1/2-1/2"]
[Annotator "NA"]
[ECO "C70"]
[WhiteElo "1798"]
[BlackElo "2019"]
[PlyCount "184"]
[EventDate "2025.04.09"]
[EventType "swiss"]
[EventCountry "ISL"]
[SourceTitle "playchess.com"]
[Source "ChessBase"]
[SourceQuality "1"]
[TimeControl "40/5400+30:1800+30"]

1. e4 e5 2. Nf3 Nc6 3. Bb5 a6 4. Ba4 Nf6 5. d3 d6 6. O-O b5 7. Bb3 Na5 8. c3 Nxb3 9. axb3 c5 10. c4 b4 11. h3 h6 12. Nh2 g6 13. Re1 Bg7 14. Nd2 O-O 15. Ndf1 Nh5 16. Nf3 Bb7 17. Ne3 Nf4 18. Kh2 f5 19. Nd5 g5 20. g3 Ne6 21. Kg2 Qe8 22. Qe2 Kh8 23. Rh1 Qg6 24. Ne7 Qh7 25. Nd5 Rae8 26. Bd2 Qg6 27. g4 fxg4 28. hxg4 Rf7 29. Be3 Ref8 30. Rh3 Bc8 31. Nh2 Bb7 32. f3 Nd4 33. Bxd4 exd4 34. Nf1 Be5 35. Nd2 Kg7 36. Rah1 Rh8 37. Ra1 h5 38. gxh5 Rxh5 39. Rxh5 Qxh5 40. Rh1 Qg6 41. Nf1 g4 42. fxg4 Bc8 43. Rh4 Qg5 44. Kh3 Qc1 45. Kg2 Kg8 46. Nh2 Rg7 47. Qf2 Rf7 48. Qe2 Qg5 49. Rh5 Qg6 50. Rh4 Rh7 51. Rxh7 Qxh7 52. Nf1 Qh4 53. Kg1 Bxg4 54. Qg2 Kh8 55. Qf2 Qg5 56. Qg2 Kg7 57. Nh2 Qc1+ 58. Nf1 Qd1 59. Ne7 Kf6 60. Nf5 Bxf5 61. exf5 Kxf5 62. Qe4+ Kg5 63. Qg2+ Qg4 64. Kf2 Bf4 65. Qd5+ Qf5 66. Qxf5+ Kxf5 67. Ke2 Bc1 68. Ng3+ Ke5 69. Ne4 Bxb2 70. Kd2 Bc3+ 71. Kc2 Be1 72. Ng5 Bg3 73. Nf7+ Ke6 74. Ng5+ Kf5 75. Ne4 Bh2 76. Nf2 Be5 77. Nd1 Bg3 78. Nb2 d5 79. cxd5 Ke5 80. Nc4+ Kxd5 81. Nb6+ Kc6 82. Na4 Be1 83. Kd1 Bc3 84. Ke2 Kd5 85. Nb6+ Ke5 86. Kf3 a5 87. Nc4+ Kd5 88. Nxa5 Ke5 89. Nc4+ Kf5 90. Nd6+ Ke5 91. Nc4+ Kf5 92. Nd6+ Ke5 1/2-1/2